 Dungeon Crawl Stone Soup version 0.25.1-8-g42b30a86e7 (webtiles) character file.

Game seed: 18431385700111337649

76 Chiseanne the Skirmisher (level 4, -3/52 HPs)
             Began as a Demonspawn Wanderer on Nov 30, 2020.
             Slain by an iguana (5 damage)
             ... on level 4 of the Dungeon.
             The game lasted 00:05:54 (1738 turns).

Chiseanne the Skirmisher (Demonspawn Wanderer)      Turns: 1738, Time: 00:05:54

Health: -3/52      AC: 22    Str: 14    XL:     4   Next: 12%
Magic:  4/4        EV:  2    Int: 13    God:
Gold:   111        SH:  0    Dex: 12    Spells: 3/3 levels left

rFire    . . .     SeeInvis .   a - +2 spear
rCold    . . .     Gourm    .   (no shield)
rNeg     + + +     Faith    .   (armour currently unavailable)
rPois    +         Spirit   .   (helmet currently unavailable)
rElec    .         Reflect  .   (cloak currently unavailable)
rCorr    .         Harm     .   (gloves currently unavailable)
MR       .....     NoTele   +   (boots currently unavailable)
Stlth    +++.......             (no amulet)
HPRegen  0.17/turn              (no ring)
MPRegen  0.09/turn              (no ring)

@: tree-form
A: nightstalker 1
a: no special abilities


You were on level 4 of the Dungeon.
You were not hungry.
You were a tree.
You visited 1 branch of the dungeon, and saw 4 of its levels.

You collected 111 gold pieces.

Inventory:

Hand Weapons
 a - a +2 spear (weapon)
Missiles
 h - 66 bolts
 p - 12 poisoned darts (quivered)
Armour
 j - a +0 helmet (melded)
 l - a +0 ring mail (melded)
 o - a cursed -1 chain mail
Jewellery
 m - an uncursed ring of magical power {unknown}
 n - an uncursed ring of resist corrosion {unknown}
Potions
 b - a potion of curing
 d - a potion of brilliance {unknown}
 e - a potion of degeneration {unknown}
 g - a potion of invisibility {unknown}
 i - a potion of ambrosia {unknown}
Comestibles
 f - 5 rations


   Skills:
 * Level 3.2 Fighting
 - Level 1.2 Polearms
 * Level 2.9 Dodging
 - Level 1.2 Stealth
   Level 1.0 Shields
 - Level 2.0 Unarmed Combat
   Level 1.0 Evocations


You had 3 spell levels left.
You didn't know any spells.
Your spell library was empty.

Dungeon Overview and Level Annotations

Branches:
Dungeon (4/15)
 Temple: D:4-7

Altars:
Xom


Innate Abilities, Weirdness & Mutations

((You are partially covered in icy blue scales. (AC +2)))
You are slightly more attuned to the shadows.
((You are partially covered in sharp spines.))


Message History

The iguana is struck by your spines. The iguana closely misses you.
You closely miss the iguana.
The iguana is moderately wounded.
The iguana closely misses you.
Really quaff the potion of lignification?
You turn into a tree.
Your +0 helmet melds into your body.
Your +0 ring mail melds into your body.
Your roots penetrate the ground.
The iguana bites you.
* * * LOW HITPOINT WARNING * * *
You hit the iguana but do no damage.
The iguana is moderately wounded.
The iguana bites you but does no damage.
You barely miss the iguana.
The iguana is lightly wounded.
The iguana bites you.
* * * LOW HITPOINT WARNING * * *
You hit the iguana but do no damage.
The iguana is lightly wounded.
The iguana bites you.
You die...

*,* *,,,,* *,*
*,******,,,,***,*********
*>,,,,,,,,,,,,,,,,,,,,,,*
*************,*,*******<*
*,,,,,,,,,,,,,,* *,**
*,*********#.#** *,,, *,*
*,,,,,...# **,,
*,***,#####..# *,,
*,,,,,#l♣.#..# *,,
***######.#..####**** *,,
*******#.............,,,****,
*,,,,,,..####...######*,,,,,,
*,,,,,...#....#.8...>_*,,,,,,
*,,,,,..........#######.,,,,,
*,,,,,...#..............,,,,,
******,*...##.....##....,,,,,
*,###.##.#####*,,..,,,,,


You could see an iguana.

Vanquished Creatures
  A worker ant (D:4)
  An adder (D:3)
  2 worms
  4 bats
  4 giant cockroaches
  7 goblins
  3 hobgoblins
  6 kobolds
  A quokka (D:3)
  3 frilled lizards (D:2)
  A quokka skeleton (D:2)
  3 rats
36 creatures vanquished.

Notes
Turn   | Place    | Note
-------+----------+-------------------------------------------
     0 | D:1      | Chiseanne the Demonspawn Wanderer began the quest for the
                  | Orb.
     0 | D:1      | Chiseanne set off with the following items: a +2 spear, a
                  | potion of curing, a potion of lignification, a +0 robe, a
                  | ration
     0 | D:1      | Reached XP level 1. HP: 16/16 MP: 1/1
   493 | D:1      | Gained mutation: You are partially covered in icy blue
                  | scales. (AC +2) [demonic ancestry]
   493 | D:1      | Reached XP level 2. HP: 19/22 MP: 2/2
  1043 | D:2      | Gained mutation: You are partially covered in sharp spines.
                  | [demonic ancestry]
  1043 | D:2      | Reached XP level 3. HP: 18/28 MP: 3/3
  1668 | D:4      | Reached skill level 3 in Fighting
  1668 | D:4      | Gained mutation: You are slightly more attuned to the
                  | shadows. [demonic ancestry]
  1668 | D:4      | Reached XP level 4. HP: 16/35 MP: 4/4
  1724 | D:4      | Found a shimmering altar of Xom.
  1737 | D:4      | HP: 2/52 [iguana (3)]
  1738 | D:4      | Slain by an iguana

Illustrated notes

Levels and vault maps discovered:
D:1:      lemuel_arrival_river_ford, layout_basic
D:2:      layout_rooms
D:3:      layout_basic, minmay_misc_feat_chi
D:4:      layout_basic, gammafunk_ghost_stat_death, lemuel_statue_altar

Skill      XL: |  1  2  3 |
---------------+----------+-----
Dodging        | 2 |  2.9
Unarmed Combat | 2 |  2.0
Fighting       | 3 |  3.2
Polearms       | |  1.2
Stealth        | |  1.2
Shields        | |  1.0
Evocations     | |  1.0

Action                   |  1- 3 |  4- 6 || total
-------------------------+-------+-------++-------
Melee: Spear             |   102 |     8 ||   110
  Use: Scroll            |     6 |       ||     6
       Potion            |       |     1 ||     1
 Stab: Sleeping          |     1 |     1 ||     2
  Eat: Chunk             |     2 |     1 ||     3
Armor: Robe              |    13 |       ||    13
       Ring mail         |    10 |     1 ||    11
       Skin              |       |     1 ||     1
Dodge: Dodged            |    51 |     3 ||    54
